 Dungeon Crawl Stone Soup version 0.21.1-1-g345015f (webtiles) character file.

7042 JeffiDaFish the Geomancer (level 11, -4/62 HPs)
             Began as a Gargoyle Earth Elementalist on Feb 12, 2018.
             Was a Priest of Vehumet.
             Slain by a seven-headed hydra (6 damage)
             ... on level 11 of the Dungeon.
             The game lasted 00:33:04 (8120 turns).

JeffiDaFish the Geomancer (GrEE)                    Turns: 8120, Time: 00:33:06

Health: -4/62      AC: 18    Str: 13    XL:     11   Next: 9%
Magic:  0/22       EV: 14    Int: 18    God:    Vehumet [***...]
Gold:   403        SH:  0    Dex: 14    Spells: 19/31 levels left

rFire    + . .     SeeInvis .   g - +5 dire flail (vamp)
rCold    + . .     Gourm    .   (shield currently unavailable)
rNeg     + . .     Faith    .   c - +2 robe {rC+ rF+}
rPois    ∞         Spirit   .   s - +0 hat
rElec    +         Reflect  .   o - +0 cloak
rCorr    .         Harm     .   (no gloves)
MR       .....                  m - +0 pair of boots
Stlth    ++........             (no amulet)
HPRegen  0.20/turn              f - +4 ring of protection
MPRegen  0.18/turn              k - +4 ring of dexterity

@: about to teleport
A: big wings, horns 1, low mp 1, negative energy resistance 1, electricity
resistance, unbreathing, petrification resistance, rot immunity, AC +8
a: Fly, Renounce Religion


You were on level 11 of the Dungeon.
You worshipped Vehumet.
Vehumet was most pleased with you.
You were very hungry.

You visited 2 branches of the dungeon, and saw 11 of its levels.
You also visited: Ossuary.

You collected 403 gold pieces.

Inventory:

Hand Weapons
 g - a +5 vampiric dire flail (weapon)
Missiles
 b - 159 stones (quivered)
Armour
 c - a +2 robe of resistance (worn)
 m - a +0 pair of boots (worn)
 o - a +0 cloak (worn)
 s - a +0 hat (worn)
Jewellery
 f - a +4 ring of protection (left hand)
 k - a +4 ring of dexterity (right hand)
 t - the ring "Seucuuw" {rN++ SInv}
   (You found it on level 7 of the Dungeon)

   [ring of see invisible]

   It greatly protects you from negative energy.
   It lets you see invisible.
Wands
 l - a wand of paralysis (12)
Scrolls
 a - a scroll of identify
 h - 4 scrolls of remove curse
 i - 2 scrolls of teleportation
 u - a scroll of fog
Potions
 n - 2 potions of might
 p - a potion of brilliance
 q - 4 potions of curing
Books
 e - a book of Geomancy

   Spells                             Type                      Level
   a - Sandblast                      Earth                        1
   b - Passwall                       Transmutation/Earth          2
   c - Stone Arrow                    Conjuration/Earth            3
   d - Petrify                        Transmutation/Earth          4
   e - Lee's Rapid Deconstruction     Earth                        5
Comestibles
 d - 11 rations
 r - 19 chunks of flesh


   Skills:
 + Level 4.5 Fighting
 + Level 3.8 Dodging
 - Level 2.2 Stealth
 * Level 10.5 Spellcasting
 + Level 4.5 Conjurations
   Level 0.7 Transmutations
 + Level 2.5 Fire Magic
 + Level 11.5 Earth Magic


You had 19 spell levels left.
You knew the following spells:

 Your Spells              Type           Power        Failure   Level  Hunger
a - Sandblast             Erth           ######       1%          1    None
b - Stone Arrow           Conj/Erth      #####.       1%          3    None
c - Lee's Rapid Deconstr  Erth           ######....   1%          5    #####..
d - Inner Flame           Hex/Fire       ##......     3%          3    None


Dungeon Overview and Level Annotations

Branches:
Dungeon (11/15)            Temple (1/1) D:6
   Lair: D:8-11         Orc: D:9-12

Altars:
Ashenzari
Elyvilon
Fedhas
Nemelex Xobeh
Okawaru
Ru
Vehumet
The Shining One

Shops:
D:6 %


Innate Abilities, Weirdness & Mutations

You are resistant to torment.
Your stone body is resilient. (AC +8)
You are immune to poison.
You resist negative energy. (rN+)
You are resistant to electric shocks. (rElec)
You can survive without breathing.
You are immune to petrification.
You are immune to rotting.
Your large and strong wings let you fly indefinitely.
You have a pair of small horns on your head.
Your magical capacity is low. (-10% MP)


Message History

The seven-headed hydra misses you.
The seven-headed hydra bites you but does no damage.
Casting: Sandblast
Confirm with . or Enter, or press ? or * to list all spells.
Aiming: Sandblast
Press: ? - help, Shift-Dir - straight line, f/p - seven-headed hydra
Aim: a seven-headed hydra (heavily wounded)
The blast of sand hits the seven-headed hydra.
The seven-headed hydra is severely wounded.
b - 159 stones Something hits you but does no damage.
Deactivating autopickup; reactivate with Ctrl-A.
The seven-headed hydra closely misses you.
The seven-headed hydra bites you but does no damage. x2
The seven-headed hydra bites you!
* * * LOW HITPOINT WARNING * * *
The seven-headed hydra bites you.
* * * LOW HITPOINT WARNING * * *
The seven-headed hydra bites you.
You die...

.. ...#.. .#..### .#
#.... .....# .# #...
.... ########### ######
# .##.##....###....## y#
.##.##.....#......##..##
).......#.....#........#
################.D.#...#
#@.###..# ##†.# ..# !##
.. .. .## ..


You could see a seven-headed hydra and a hornet (fleeing).

Vanquished Creatures
  A two-headed ogre (D:8)
  The ghost of R007833r the Archer, a novice CeHu of Okawaru (D:6)
  An ugly thing (D:10)
  A manticore (D:11)
  Psyche (D:10)
  2 trolls (D:11)
  A hornet (D:7)
  A hippogriff (D:10)
  A wraith (D:11)
  A basilisk (D:11)
  A hungry ghost (D:8)
  Edmund (D:4)
  The ghost of grumblor the Magician, an amateur SpVM (D:4)
  A sky beast (D:7)
  A black bear (D:4)
  A phantom (D:4)
  3 ogres
  6 centaurs
  A big kobold (D:8)
  2 bullfrogs
  5 water moccasin zombies (Ossuary)
  2 scorpions
  11 killer bees
  2 jellies
  5 crimson imps
  2 centaur skeletons
  Crazy Yiuf (D:4)
  2 orc priests
  A gnoll shaman (D:5)
  4 hounds
  3 bullfrog skeletons
  5 iguanas
  8 orc wizards
  5 worker ants
  3 big kobold zombies (Ossuary)
  2 mummies (Ossuary)
  2 worker ant zombies
  3 gnolls (D:5)
  A howler monkey skeleton (D:11)
  6 adders
  3 shadow imps
  An ooze (D:4)
  4 adder zombies
  An adder skeleton (D:4)
  4 worms
  2 dart slugs
  4 leopard geckos
  27 orcs
  5 giant cockroaches
  5 hobgoblins
  9 jackals
  8 kobolds
  6 quokkas
  3 ball pythons
  3 bats (D:3)
  A frilled lizard (D:1)
  3 gnoll zombies (Ossuary)
  5 hobgoblin zombies (Ossuary)
  6 kobold zombies (Ossuary)
  3 orc zombies (Ossuary)
  A quokka skeleton (D:4)
  5 rats
  A fungus (D:4)
212 creatures vanquished.

Notes
Turn   | Place    | Note
-------+----------+-------------------------------------------
     0 | D:1      | JeffiDaFish the Gargoyle Earth Elementalist began the quest for the Orb.
     0 | D:1      | Reached XP level 1. HP: 10/10 MP: 3/3
   321 | D:1      | Reached skill level 4 in Earth Magic
   321 | D:1      | Reached XP level 2. HP: 15/15 MP: 1/5
   623 | D:2      | Noticed a centaur
   626 | D:2      | Killed a centaur
   626 | D:2      | Reached skill level 5 in Earth Magic
   626 | D:2      | Reached XP level 3. HP: 14/19 MP: 2/7
   626 | D:2      | Reached XP level 4. HP: 17/24 MP: 2/8
   720 | D:2      | Learned a level 3 spell: Stone Arrow
   852 | D:2      | Reached XP level 5. HP: 28/28 MP: 2/10
  1028 | D:2      | Found a faded altar of an unknown god.
  1920 | D:4      | Reached skill level 6 in Earth Magic
  1920 | D:4      | Reached XP level 6. HP: 32/32 MP: 6/12
  2039 | D:4      | Noticed a phantom
  2058 | D:4      | Killed a phantom
  2234 | D:4      | Found a shattered altar of Ashenzari.
  2238 | D:4      | Noticed grumblor's ghost (amateur SpVM)
  2593 | D:4      | Noticed a black bear
  2599 | D:4      | Killed a black bear
  2599 | D:4      | Reached skill level 5 in Spellcasting
  2599 | D:4      | Reached skill level 7 in Earth Magic
  2599 | D:4      | Reached XP level 7. HP: 36/36 MP: 7/14
  2679 | D:4      | Killed grumblor's ghost
  2863 | D:5      | Entered Level 5 of the Dungeon
  2902 | D:4      | Found a runed door.
  2906 | D:4      | Noticed Crazy Yiuf
  2910 | D:4      | Killed Crazy Yiuf
  3050 | D:5      | Noticed Edmund
  3063 | D:5      | Reached skill level 8 in Earth Magic
  3067 | D:5      | Reached XP level 8. HP: 23/41 MP: 0/16
  3164 | D:4      | Killed Edmund
  3487 | D:5      | Reached skill level 9 in Earth Magic
  3747 | D:5      | Learned a level 5 spell: Lee's Rapid Deconstruction
  3959 | D:6      | Found a staircase to the Ecumenical Temple.
  3968 | Temple   | Entered the Ecumenical Temple
  3980 | Temple   | Became a worshipper of Vehumet
  4149 | D:6      | Noticed R007833r's ghost (novice CeHu)
  4158 | D:6      | Killed R007833r's ghost
  4158 | D:6      | Reached XP level 9. HP: 30/45 MP: 3/20
  4337 | D:6      | Identified the +3 leather armour of the Swan {*Slow rPois Stlth+} (You found it on level 6 of the Dungeon)
  4400 | D:6      | Reached skill level 10 in Earth Magic
  4628 | D:6      | Found Cutiat's Food Boutique.
  4896 | D:7      | Noticed a hornet
  5131 | D:6      | Reached * piety under Vehumet
  5131 | D:6      | Offered knowledge of Magic Dart by Vehumet.
  5158 | D:7      | Found a sand-covered staircase.
  5171 | D:7      | Got a flickering jade ring
  5175 | Ossuary  | Entered an ossuary
  5176 | Ossuary  | Identified the ring "Seucuuw" {rN++ SInv} (You found it on level 7 of the Dungeon)
  5338 | Ossuary  | Reached skill level 1 in Fighting
  5462 | Ossuary  | Reached skill level 1 in Conjurations
  5491 | Ossuary  | Gained mutation: You have a pair of small horns on your head. [potion of mutation]
  5491 | Ossuary  | Gained mutation: Your magical capacity is low. (-10% MP) [potion of mutation]
  5491 | Ossuary  | Gained mutation: Your large and strong wings let you fly indefinitely. [potion of mutation]
  5756 | D:7      | Killed a hornet
  5758 | D:7      | Offered knowledge of Flame Tongue by Vehumet.
  5816 | D:7      | Reached ** piety under Vehumet
  6104 | D:8      | Noticed a two-headed ogre
  6108 | D:8      | Killed a two-headed ogre
  6108 | D:8      | Reached XP level 10. HP: 54/54 MP: 11/21
  6125 | D:8      | Reached skill level 11 in Earth Magic
  6485 | D:8      | You fall through a shaft for 2 floors!
  6485 | D:10     | Entered Level 10 of the Dungeon
  6489 | D:10     | Offered knowledge of Inner Flame by Vehumet.
  6579 | D:10     | Learned a level 3 spell: Inner Flame
  6686 | D:10     | Noticed Psyche
  6696 | D:10     | Killed Psyche
  6696 | D:10     | Reached skill level 10 in Spellcasting
  6907 | D:10     | Found an iron altar of Okawaru.
  6967 | D:10     | Reached skill level 1 in Fire Magic
  6985 | D:10     | Reached *** piety under Vehumet
  7293 | D:11     | Noticed a purple ugly thing
  7303 | D:11     | Noticed a seven-headed hydra
  7311 | D:10     | Killed a purple ugly thing
  8096 | D:11     | Noticed a manticore
  8103 | D:11     | Reached XP level 11. HP: 61/61 MP: 22/22
  8109 | D:11     | Noticed a deep elf mage
  8116 | D:11     | Killed a manticore
  8116 | D:11     | Offered knowledge of Ignite Poison by Vehumet.
  8120 | D:11     | HP: 2/62 [seven-headed hydra (5)]
  8120 | D:11     | Slain by a seven-headed hydra

Skill      XL: |  1  2  3  4  5  6  7  8  9 10 |
---------------+-------------------------------+-----
Earth Magic    | 4 5 6 7 8 9 10 11 | 11.5
Spellcasting   | 3 4 5 7 9 10 | 10.5
Fighting       | 2 4 |  4.5
Conjurations   | 2 4 |  4.5
Dodging        | 2 3 |  3.8
Fire Magic     | 2 |  2.5
Stealth        | |  2.2
Transmutations | |  0.7

Action                   |  1- 3 |  4- 6 |  7- 9 | 10-12 || total
-------------------------+-------+-------+-------+-------++-------
Melee: Unarmed           |    27 |       |       |       ||    27
       Dagger            |    16 |       |       |       ||    16
       Whip              |     3 |    39 |       |       ||    42
       Flail             |       |    23 |    36 |       ||    59
       Dire flail        |       |       |   203 |    85 ||   288
       Headbutt          |       |       |     2 |    24 ||    26
 Cast: Sandblast         |    11 |    48 |    60 |    44 ||   163
       Stone Arrow       |       |    14 |    31 |    20 ||    65
       Lee's Rapid Decon |       |       |     2 |     9 ||    11
  Use: Potion            |     3 |     4 |     5 |       ||    12
       Scroll            |     2 |     1 |    10 |     6 ||    19
 Stab: Sleeping          |       |     1 |     4 |     3 ||     8
  Eat: Chunk             |       |     7 |    13 |     7 ||    27
Armor: Robe              |    20 |    40 |   176 |    78 ||   314
Dodge: Dodged            |    40 |    65 |   246 |   101 ||   452
